 Dungeon Crawl Stone Soup version 0.28-a0-909-g796cbd3a86 (webtiles) character file.

Game seed: 9957314675749701910

236 horus123 the Slasher (level 5, -1/40 HPs)
             Began as a Demonspawn Gladiator on Nov 24, 2021.
             Slain by an orc warrior (7 damage)
             ... on level 5 of the Dungeon.
             The game lasted 00:05:09 (3118 turns).

horus123 the Slasher (Demonspawn Gladiator)         Turns: 3118, Time: 00:05:10

Health: -1/40      AC: 12    Str: 15    XL:     5   Next: 77%
Magic:  5/5        EV: 13    Int:  9    God:
Gold:   92         SH:  0    Dex: 15    Spells: 4/4 levels left

rFire   . . .      SeeInvis .   a - +1 long sword
rCold   . . .      Faith    .   (no shield)
rNeg    . . .      Spirit   .   b - +1 leather armour
rPois   .          Reflect  .   n - +2 helmet
rElec   .          Harm     .   (no cloak)
rCorr   .          Rampage  .   (no gloves)
Will    .....                   (no boots)
Stlth   +.........              (no amulet)
HPRegen 0.13/turn               g - +4 ring of protection
MPRegen 0.09/turn               (no ring)

@: no status effects
A: rugged brown scales 1, demonic magic 1
a: no special abilities


You were on level 5 of the Dungeon.
You visited 1 branch of the dungeon, and saw 4 of its levels.

You collected 92 gold pieces.

Inventory:

Hand Weapons
 a - a +1 long sword (weapon)
 e - a +1 hunting sling
Missiles
 d - a throwing net (quivered)
 k - 56 arrows
 l - 25 bolts
 m - 83 stones
Armour
 b - a +1 leather armour (worn)
 c - a +0 helmet
 n - a +2 helmet (worn)
Jewellery
 f - a ring of protection from fire
 g - a +4 ring of protection (left hand)
Scrolls
 h - 2 scrolls of identify
 j - a scroll of amnesia
 o - 2 scrolls of teleportation
Potions
 i - a potion of curing


   Skills:
 + Level 2.7 Fighting
 + Level 3.7 Long Blades
 + Level 1.3(2.2) Slings
 + Level 2.6(2.8) Throwing
 + Level 1.8 Armour
 + Level 3.4 Dodging
 + Level 0.8 Stealth


You had 4 spell levels left.
You didn't know any spells.
Your spell library was empty.

Dungeon Overview and Level Annotations

Branches:
Dungeon (3/15)

Altars:


Innate Abilities, Weirdness & Mutations

You are partially covered in rugged brown scales. (AC +1, +3% HP)
Spells you cast may paralyse adjacent enemies.


Message History

The orc hits you but does no damage.
The orc warrior hits you with a +0 flail!
You feel better.
You hit the orc warrior.
The orc warrior is moderately wounded.
The orc warrior completely misses you.
You hit the orc warrior.
The orc warrior is moderately wounded.
The orc warrior hits you with a +0 flail!
You barely miss the orc warrior.
The orc warrior is moderately wounded.
The orc warrior barely misses you.
The orc warrior hits you but does no damage.
You barely miss the orc warrior.
The orc warrior is moderately wounded.
The orc warrior hits you with a +0 flail.
You closely miss the orc warrior.
The orc warrior is moderately wounded.
The orc warrior hits you with a +0 flail.
You slash the orc warrior!
The orc warrior is severely wounded.
The orc warrior hits you with a +0 flail!
* * * LOW HITPOINT WARNING * * *
You barely miss the orc warrior.
The orc warrior is severely wounded.
The orc warrior barely misses you.
The orc warrior hits you but does no damage.
You hit the orc warrior.
The orc warrior is severely wounded.
The orc warrior hits you but does no damage.
You barely miss the orc warrior.
The orc warrior is severely wounded.
The orc warrior completely misses you.
You hit the orc warrior but do no damage.
The orc warrior is severely wounded.
The orc warrior barely misses you.
You hit the orc warrior but do no damage.
The orc warrior is severely wounded.
The orc warrior hits you with a +0 flail!
You die...

.#....# #........#####
##....######........#
......รท)..##.###.####
.....)###.##.# #.#
).....# #.##.# #.#
......###.##.# #.#
.......##..#.# #.#
.......###.#.# #.#
.......# #.#.# #@#
.......# #.#.# #o#
.......# #...#
#o###### ....<###
##..###o.....#
........ #...........#
........#
#...........#
........#
#...........#
........#
#...........###
........#
##..#.........#


You could see an orc warrior and 2 orcs.

Vanquished Creatures
  A water moccasin skeleton (D:5)
  A hound (D:5)
  A jelly (D:5)
  An iguana (D:5)
  A gnoll (D:1)
  3 adders
  2 dart slugs (D:2)
  9 orcs
  5 bats
  4 endoplasms
  A giant cockroach (D:2)
  2 goblins
  6 hobgoblins
  2 quokkas
  5 ball pythons
  4 frilled lizards
  4 kobolds
  6 rats
58 creatures vanquished.

Notes
Turn   | Place    | Note
-------+----------+-------------------------------------------
     0 | D:1      | horus123 the Demonspawn Gladiator began the quest for the
                  | Orb.
     0 | D:1      | Reached XP level 1. HP: 16/16 MP: 1/1
   221 | D:1      | Gained mutation: You are partially covered in rugged brown
                  | scales. (AC +1, +3% HP) [demonic ancestry]
   221 | D:1      | Reached XP level 2. HP: 16/22 MP: 2/2
   666 | D:1      | Gained mutation: Spells you cast may paralyse adjacent
                  | enemies. [demonic ancestry]
   666 | D:1      | Reached XP level 3. HP: 27/27 MP: 3/3
  1502 | D:2      | Reached skill level 1 in Armour
  1715 | D:2      | Reached XP level 4. HP: 34/35 MP: 4/4
  2320 | D:3      | Found a faded altar of an unknown god.
  2368 | D:3      | You fall into a shaft and drop 2 floors!
  2368 | D:5      | Entered Level 5 of the Dungeon
  2583 | D:5      | Reached skill level 1 in Slings
  2583 | D:5      | Reached XP level 5. HP: 31/40 MP: 5/5
  2805 | D:5      | Noticed a sky beast
  3083 | D:5      | Noticed an orc warrior
  3118 | D:5      | Slain by an orc warrior

Illustrated notes

Levels and vault maps discovered:
D:1:      matt_arrival_grand_opening, layout_basic
D:2:      layout_basic
D:3:      layout_basic, shapermc_ecumenical_altar_totnotflames
D:5:      layout_basic, jmf_multi_god_temple2

Skill      XL: |  1  2  3  4 |
---------------+-------------+-----
Throwing       | 2 |  2.6
Dodging        | 3 |  3.4
Long Blades    | 3 |  3.7
Armour         | 1 |  1.8
Slings         | 1 |  1.3
Fighting       | |  2.7
Stealth        | |  0.8

Action                   |  1- 3 |  4- 6 || total
-------------------------+-------+-------++-------
Melee: Long sword        |    41 |    96 ||   137
 Fire: Hunting sling     |       |    25 ||    25
Throw: Javelin           |    37 |     2 ||    39
       Throwing net      |     2 |     3 ||     5
  Use: Scroll            |     8 |     3 ||    11
       Potion            |       |     1 ||     1
 Stab: Held in net/web   |       |     1 ||     1
Armor: Leather armour    |    18 |    56 ||    74
Dodge: Dodged            |    32 |    78 ||   110

Table legend: (Time is in decaauts)
 A = Elapsed time spent in this place.
 B = Non-inter-level travel time spent in this place.
 C = Inter-level travel time spent in this place.
 D = Time resting spent in this place.
 E = Time spent auto-exploring this place.
 F = Levels seen in this place.
 G = Mean time per level.
                   A        B        C        D        E       F      G
               +--------+--------+--------+--------+--------+-----+--------+
         Total |   3165 |   3118 |     47 |      0 |   2467 |   4 |  791.2 |
       Dungeon |   3165 |   3118 |     47 |      0 |   2467 |   4 |  791.2 |
               +--------+--------+--------+--------+--------+-----+--------+

Top non-repeatable levels by time:
     D:1: 1200 daAuts
     D:5: 765 daAuts
     D:2: 728 daAuts
     D:3: 472 daAuts
